 Dungeon Crawl Stone Soup version 0.26.1-2-gb8aa6d0cf2 (webtiles) character file.

Game seed: 4043718209792218890

27536 hawla the Destroyer (level 13, -7/91 HPs)
             Began as a Purple Draconian Conjurer on Feb 18, 2021.
             Was an Elder of Vehumet.
             Killed from afar by a gargoyle (23 damage)
             ... with a stone arrow
             ... on level 15 of the Dungeon.
             The game lasted 00:52:56 (19202 turns).

hawla the Destroyer (Purple Draconian Conjurer)    Turns: 19202, Time: 00:52:56

Health: -7/91      AC: 17    Str: 10    XL:     13   Next: 4%
Magic:  25/34      EV: 12    Int: 21    God:    Vehumet [****..]
Gold:   927        SH:  5    Dex: 13    Spells: 17/29 levels left

rFire    x . .     SeeInvis .   h - +7 short sword (venom)
rCold    + . .     Faith    .   w - +0 buckler
rNeg     . . .     Spirit   .   (armour unavailable)
rPois    .         Reflect  .   o - +2 hat
rElec    .         Harm     .   g - +0 cloak
rCorr    .         Rampage  .   k - +2 pair of gloves {Dex+3}
Will     +....                  j - +2 pair of boots
Stlth    ++........             (no amulet)
HPRegen  0.25/turn              y - ring of magical power
MPRegen  0.24/turn              n - ring of ice

@: no status effects
A: breathe power, unfitting armour, blurry vision 1, dopey 1, frail 1,
cold-blooded, MP-powered wands, AC +8
a: Breathe Dispelling Energy, Renounce Religion


You were on level 15 of the Dungeon.
You worshipped Vehumet.
Vehumet was greatly pleased with you.
You visited 2 branches of the dungeon, and saw 16 of its levels.
You also visited: Bailey.

You collected 927 gold pieces.

Inventory:

Hand Weapons
 h - a +7 short sword of venom (weapon)
 m - the +7 falchion of Mutilation {flame, +Inv rPois rF- Will+++}
   (You found it on level 4 of the Dungeon)

   It has been specially enchanted to burn those struck by it, causing extra
   injury to most foes and up to half again as much damage against particularly
   susceptible opponents.
   Big, fiery blades are also staple armaments of hydra-hunters.
   It makes you vulnerable to fire.
   It protects you from poison.
   It affects your willpower, your defense against some magical effects.
   It lets you turn invisible.
 C - a +0 quarterstaff of distortion
 R - the +7 long sword "Roucs" {vorpal, Dex+5}
   (You found it on level 10 of the Dungeon)

   It inflicts extra damage upon your enemies.
   It affects your dexterity (+5).
Missiles
 r - 7 boomerangs
 z - 14 poisoned darts (quivered)
 D - 5 throwing nets
 L - 3 silver boomerangs
 M - 3 boomerangs of dispersal
Armour
 g - a +0 cloak (worn)
 j - a +2 pair of boots (worn)
 k - a +2 pair of gloves of dexterity (worn)
 o - a +2 hat (worn)
 w - a +0 buckler (worn)
Jewellery
 a - an uncursed ring of protection from fire
 b - a +6 ring of dexterity
 n - a ring of ice (right hand)
 q - an uncursed ring of willpower
 t - an uncursed ring of poison resistance
 y - a ring of magical power (left hand)
 G - a +6 ring of dexterity
Wands
 x - a wand of enslavement (4)
 A - a wand of acid (13)
 B - a wand of digging (4)
 F - a wand of iceblast (13)
 O - a wand of paralysis (5)
Scrolls
 c - 4 scrolls of identify
 d - a scroll of summoning {unknown}
 f - a scroll of magic mapping
 i - 9 scrolls of remove curse
 s - 2 scrolls of blinking
 v - 4 scrolls of teleportation
 E - 3 scrolls of amnesia {unknown}
 I - 3 scrolls of enchant armour {unknown}
 K - a scroll of holy word {unknown}
 N - a scroll of fear {unknown}
Potions
 e - 2 potions of might
 l - a potion of cancellation
 p - 3 potions of flight
 u - a potion of curing
Miscellaneous
 H - a condenser vane
 Q - a tin of tremorstones (2/2)


   Skills:
 - Level 6.0 Fighting
 + Level 11.9 Short Blades
 - Level 1.0 Throwing
 - Level 2.0 Dodging
 - Level 1.7 Stealth
 - Level 4.0 Shields
 - Level 8.9 Spellcasting
 - Level 11.9 Conjurations
 - Level 9.4 Translocations
 + Level 2.7 Transmutations
 - Level 2.0 Ice Magic
 + Level 2.7 Earth Magic
 - Level 2.0 Evocations


You had 17 spell levels left.
You knew the following spells:

 Your Spells              Type           Power        Failure   Level
a - Magic Dart            Conj           100%         1%          1
b - Searing Ray           Conj           100%         1%          2
c - Iskenderun's Mystic   Conj/Tloc      53%          1%          4
d - Frozen Ramparts       Ice            52%          2%          3
e - Passwall              Tmut/Erth      16%          3%          2

Your spell library contained the following spells:

 Spells                   Type           Power        Failure   Level
 Lightning Bolt           Conj/Air       17%          4%          5
 Sandblast                Erth           42%          1%          1
 Dazzling Flash           Conj/Hex       68%          1%          3
 Stone Arrow              Conj/Erth      80%          1%          3
 Fulminant Prism          Conj/Hex       17%          1%          4
 Lee's Rapid Deconstruct  Erth           10%          17%         5
 Petrify                  Tmut/Erth      20%          24%         4


Dungeon Overview and Level Annotations

Branches:
Dungeon (15/15)            Temple (1/1) D:7            Lair (0/6) D:11
 Bailey (visited)
    Orc: D:9-12      Vaults: D:13-14     Depths: D:15

Altars:
Ashenzari
Cheibriados
Dithmenos
Elyvilon
Fedhas
Gozag
Hepliaklqana
Kikubaaqudgha
Makhleb
Nemelex Xobeh
Okawaru
Qazlal
Ru
Sif Muna
Trog
Uskayaw
Vehumet
Wu Jian
Xom
Yredelemnul
Zin
The Shining One
Lugonu

Shops:
D:15 *

Annotations:
D:13 1 runed translucent door
D:15 Agnes


Innate Abilities, Weirdness & Mutations

You can breathe bolts of dispelling energy.
Your rich purple scales are hard. (AC +8)
You cannot fit into any form of body armour.
You are cold-blooded and may be slowed by cold attacks.
Scrolls take you a little longer to read.
You are dopey. (Int -2)
You are frail. (-10% HP)
You expend magic power (3 MP) to strengthen your wands.


Message History

A gargoyle is nearby!
A gargoyle is nearby!
Casting: Searing Ray (safe; 1% risk of failure)
Confirm with . or Enter, or press ? or * to list all spells.
Aiming: Magic Dart (safe; 1% risk of failure)
Press: ? - help, Shift-Dir - straight line, f - gargoyle
Aim: a gargoyle, wielding a +0 mace (wandering, hasn't noticed you, 0% to evade)
The magic dart hits the gargoyle.
The gargoyle is lightly damaged.
Casting: Magic Dart (safe; 1% risk of failure)
Confirm with . or Enter, or press ? or * to list all spells.
Aiming: Searing Ray (safe; 1% risk of failure)
Press: ? - help, Shift-Dir - straight line, f/p - gargoyle
Aim: a gargoyle, wielding a +0 mace (lightly damaged, 8% to evade)
The searing ray hits the gargoyle but does no damage.
The gargoyle is lightly damaged. (Press . to maintain the ray.)
The gargoyle hurls a stone arrow at you.
The stone arrow hits you!!
You die...

###.......### .
##.....##...##.##
##...............###
#..........p##. ..##
##...........#.9##..###
.......<........).....# .
#..∩....§....# #.†....###...
.#...Fp.....# #.......^....
#.#<.#l#####...#@.....###..#
....†.........##...........#
.###.#######.# ###..########
#.# ##.# #(# ..# #.# #.##
#.# .. #.. ..# #..


You could see a gargoyle.

Vanquished Creatures
  A hydra (D:9)
  A boulder beetle (D:13)
  Harold (D:11)
  A vault guard (D:14)
  4 centaur warriors
  A two-headed ogre (D:11)
  An unseen horror (D:10)
  3 orc knights (Bailey)
  3 ugly things
  2 deep elf magi
  A manticore (D:13)
  2 cyclopes
  Psyche (D:9)
  2 gargoyles
  3 centaur skeletons
  2 efreet
  3 kobold demonologists
  2 komodo dragons
  A tengu conjurer (D:13)
  2 trolls
  A hornet (D:13)
  2 slime creatures (D:13)
  A wraith (D:13)
  2 wyverns
  A basilisk (D:14)
  11 yaks
  2 vampire mosquitoes (D:13)
  A soldier ant (D:13)
  A water moccasin (D:8)
  18 orc warriors
  A black bear (D:10)
  3 ice beasts
  A necrophage (D:9)
  A sky beast (D:8)
  A phantom (D:8)
  12 ogres
  8 centaurs
  3 big kobolds
  10 bullfrogs
  2 gnoll sergeants (D:5)
  2 scorpions
  14 killer bees
  12 wights
  A howler monkey (D:5)
  4 centaur zombies
  3 bullfrog zombies
  3 bullfrog skeletons
  2 jellies
  2 gnoll shamans (D:5)
  12 orc priests
  5 hounds
  9 orc wizards
  4 iguanas
  Natasha (D:4)
  10 worker ants
  2 hound zombies
  A worker ant zombie (D:11)
  A howler monkey skeleton (D:4)
  10 adders
  24 gnolls
  2 white imps
  2 oozes
  An adder skeleton (D:9)
  5 worms
  A dart slug (D:3)
  2 leopard geckos
  70 orcs
  A bat (D:2)
  7 giant cockroaches
  8 goblins
  10 hobgoblins
  2 jackals (D:5)
  2 quokkas
  3 ball pythons
  6 frilled lizards
  21 kobolds
  2 leopard gecko skeletons
  A quokka skeleton (D:7)
  6 rats
393 creatures vanquished.

Vanquished Creatures (others)
  5 dream sheep (D:5)
  2 demonic plants (Temple)
  2 plants (D:11)
9 creatures vanquished.

Grand Total: 402 creatures vanquished

Notes
Turn   | Place    | Note
-------+----------+-------------------------------------------
     0 | D:1      | hawla the Draconian Conjurer began the quest for the Orb.
     0 | D:1      | Reached XP level 1. HP: 14/14 MP: 3/3
   238 | D:1      | Reached XP level 2. HP: 20/20 MP: 0/5
   500 | D:1      | Learned a level 2 spell: Searing Ray
   823 | D:1      | Reached XP level 3. HP: 25/26 MP: 5/7
  1273 | D:2      | Found a glowing golden altar of the Shining One.
  1422 | D:2      | Reached skill level 5 in Conjurations
  1422 | D:2      | Reached XP level 4. HP: 16/33 MP: 4/8
  1846 | D:2      | Found a bloodstained altar of Trog.
  2249 | D:3      | Learned a level 4 spell: Iskenderun's Mystic Blast
  2847 | D:3      | Reached XP level 5. HP: 36/38 MP: 5/9
  2944 | D:3      | Reached skill level 1 in Translocations
  3441 | D:4      | Noticed an ogre
  3443 | D:4      | Killed an ogre
  3444 | D:4      | Reached XP level 6. HP: 45/45 MP: 7/11
  3464 | D:4      | Got a twisted falchion
  3464 | D:4      | Identified the +7 falchion of Mutilation {flame, +Inv rPois
                  | rF- Will+++} (You found it on level 4 of the Dungeon)
  4009 | D:4      | Your scales start taking on a rich purple colour.
  4009 | D:4      | Reached XP level 7. HP: 50/50 MP: 3/14
  4337 | D:4      | Reached skill level 5 in Spellcasting
  4483 | D:4      | Noticed Natasha
  4485 | D:4      | Killed Natasha
  4606 | D:5      | Entered Level 5 of the Dungeon
  4610 | D:5      | Gained mutation: You are dopey. (Int -2) [potion of
                  | mutation]
  4610 | D:5      | Gained mutation: You are frail. (-10% HP) [potion of
                  | mutation]
  4610 | D:5      | Gained mutation: Scrolls take you a little longer to read.
                  | [potion of mutation]
  4610 | D:5      | Gained mutation: You expend magic power (3 MP) to
                  | strengthen your wands. [potion of mutation]
  5382 | D:5      | Reached XP level 8. HP: 43/51 MP: 8/17
  6239 | D:5      | Noticed a dream sheep
  6239 | D:5      | Noticed a dream sheep
  6239 | D:5      | Noticed a dream sheep
  6239 | D:5      | Noticed a dream sheep
  6239 | D:5      | Noticed a dream sheep
  6239 | D:5      | Found a shimmering altar of Xom.
  6244 | D:5      | Killed a dream sheep
  6244 | D:5      | Killed a dream sheep
  6244 | D:5      | Killed a dream sheep
  6245 | D:5      | Killed a dream sheep
  6245 | D:5      | Killed a dream sheep
  6686 | D:6      | Reached skill level 1 in Shields
  6772 | D:6      | Found a hazy altar of Hepliaklqana.
  7324 | D:6      | Found an ornate altar of the Wu Jian Council.
  7585 | D:6      | Reached XP level 9. HP: 55/55 MP: 16/21
  7716 | D:6      | Found a stormy altar of Qazlal.
  7721 | D:6      | Found a shadowy altar of Dithmenos.
  7722 | D:6      | Found a burning altar of Makhleb.
  7724 | D:6      | Found an ancient bone altar of Kikubaaqudgha.
  8027 | D:6      | Found a blossoming altar of Fedhas.
  8372 | D:7      | Found a staircase to the Ecumenical Temple.
  8383 | D:7      | Reached skill level 1 in Ice Magic
  8384 | Temple   | Entered the Ecumenical Temple
  8849 | D:7      | Reached skill level 1 in Fighting
  9821 | D:8      | Reached skill level 5 in Fighting
 10358 | D:8      | Found a hide-covered altar of Uskayaw.
 10372 | D:8      | Reached skill level 5 in Translocations
 10773 | D:9      | Found a radiant altar of Vehumet.
 10786 | D:9      | Found an iron altar of Okawaru.
 10913 | D:9      | Became a worshipper of Vehumet
 11056 | D:9      | Noticed Psyche
 11069 | D:9      | Killed Psyche
 11070 | D:9      | Reached XP level 10. HP: 50/74 MP: 7/22
 11454 | D:9      | Noticed a seven-headed hydra
 11464 | D:9      | Killed a six-headed hydra
 11839 | D:10     | Entered Level 10 of the Dungeon
 11849 | D:10     | Reached skill level 1 in Evocations
 12024 | D:10     | Killed an unseen horror
 12025 | D:10     | Reached skill level 10 in Conjurations
 12029 | D:10     | Reached * piety under Vehumet
 12029 | D:10     | Offered knowledge of Freeze by Vehumet.
 12555 | D:10     | Got a faintly glowing long sword
 12556 | D:10     | Identified the +7 long sword "Roucs" {vorpal, Dex+5} (You
                  | found it on level 10 of the Dungeon)
 12962 | D:10     | Noticed a gargoyle
 12973 | D:10     | Killed a gargoyle
 13254 | D:11     | Found a staircase to the Lair.
 13377 | D:11     | Reached skill level 1 in Short Blades
 13379 | D:11     | Reached XP level 11. HP: 67/80 MP: 8/23
 13385 | D:11     | Offered knowledge of Foxfire by Vehumet.
 13543 | D:11     | Reached ** piety under Vehumet
 13669 | D:11     | Noticed a two-headed ogre
 13677 | D:11     | Killed a two-headed ogre
 14091 | D:11     | Noticed Harold
 14119 | D:11     | Killed Harold
 15008 | D:12     | Offered knowledge of Inner Flame by Vehumet.
 15072 | D:12     | Noticed a deep elf mage
 15090 | D:12     | Killed a deep elf mage
 15173 | D:12     | Reached skill level 5 in Short Blades
 15196 | D:12     | Reached *** piety under Vehumet
 15266 | D:13     | Noticed a centaur warrior
 15313 | D:13     | Found a flagged portal.
 15324 | Bailey   | Entered a bailey
 15324 | Bailey   | Noticed an orc knight
 15355 | Bailey   | Noticed an orc knight
 15634 | Bailey   | Offered knowledge of Frozen Ramparts by Vehumet.
 15643 | Bailey   | Learned a level 3 spell: Frozen Ramparts
 16043 | Bailey   | Killed an orc knight
 16188 | Bailey   | Killed an orc knight
 16240 | Bailey   | Noticed an orc knight
 16255 | Bailey   | Killed an orc knight
 16256 | Bailey   | Reached XP level 12. HP: 24/86 MP: 5/24
 16982 | D:13     | Paralysed by a hornet for 3 turns
 17419 | D:13     | Killed a centaur warrior
 17694 | D:13     | Found a runed translucent door.
 17694 | D:13     | Noticed a storm dragon
 17694 | D:13     | Noticed an ice dragon
 17696 | D:13     | Noticed a centaur warrior
 17714 | D:13     | Reached **** piety under Vehumet
 17717 | D:13     | Killed a centaur warrior
 17718 | D:13     | Reached skill level 10 in Short Blades
 18178 | D:13     | Offered knowledge of Lightning Bolt by Vehumet.
 18377 | D:13     | Noticed a boulder beetle
 18398 | D:13     | Killed a boulder beetle
 18399 | D:13     | Reached skill level 1 in Throwing
 18695 | D:14     | Learned a level 2 spell: Passwall
 18790 | D:14     | Reached skill level 1 in Transmutations
 18793 | D:14     | Reached skill level 1 in Earth Magic
 18922 | D:14     | Noticed a centaur warrior
 18924 | D:14     | Noticed a centaur warrior
 18932 | D:14     | Killed a centaur warrior
 18932 | D:14     | Killed a centaur warrior
 19030 | D:14     | Noticed a vault guard
 19042 | D:14     | Killed a vault guard
 19042 | D:14     | Noticed a vault guard
 19043 | D:14     | Reached XP level 13. HP: 85/91 MP: 12/25
 19065 | D:15     | Entered Level 15 of the Dungeon
 19065 | D:15     | Found Ynulau's General Store.
 19092 | D:15     | HP: 4/91 [something (14)]
 19101 | D:15     | Noticed Agnes
 19202 | D:15     | Killed from afar by a gargoyle

Illustrated notes

Levels and vault maps discovered:
D:1:      psy_arrival_spokes, layout_loops_ring
D:2:      layout_basic, lightli_temple_of_fire, lemuel_doored_altar,
          minivault_25
D:3:      layout_loops_corners
D:4:      layout_loops_ring, minmay_misc_feat_alley, uniq_natasha
D:5:      layout_cave_pools, kb_xom_exploding_sheep, serial_gnoll_camp,
          gnoll_camp_medium_02, gnoll_camp_mini_hut, gnoll_camp_mini_house,
          gnoll_camp_mini_loothouse
D:6:      layout_loops_ring, fedhas_altar_fruit_tree, minitemple,
          lemuel_coloured_pillars_altar, eino_curves_02
D:7:      layout_basic, minmay_temple_entry_waves
D:8:      wander_river, layout_loops_ring, eat_drink_and_be_merry_uskayaw
D:9:      layout_roguey, amethyst_overflow_temple_binary, uniq_psyche
D:10:     layout_rooms
D:11:     layout_gridville, david_lair_shrubbed, uniq_harold
D:12:     layout_roguey, david_orc_5, gammafunk_ghost_cemetery
D:13:     layout_basic, lightli_bailey_entry_fortress, minmay_hidden_floor
D:14:     minmay_skewed_foursquare, layout_loops_corners,
          lightli_vaults_fourway_checkpoint, chequers_serial_rivers_small_3,
          enter_trove_5
D:15:     grunt_enter_depths_snipers, layout_rooms, serial_shops, shop,
          minmay_misc_feat_tower, minmay_misc_feat_enclosed, corner_web_ring,
          uniq_agnes
Temple:   corrupted_temple

Skill      XL: |  1  2  3  4  5  6  7  8  9 10 11 12 |
---------------+-------------------------------------+-----
Spellcasting   | 3 4 6 8 |  8.9
Conjurations   | 5 6 7 8 11 | 11.9
Translocations | 1 2 3 4 5 7 9 |  9.4
Shields        | 2 4 |  4.0
Ice Magic      | 1 2 |  2.0
Fighting       | 6 |  6.0
Dodging        | 2 |  2.0
Evocations     | 2 |  2.0
Short Blades   | 1 7 11 | 11.9
Throwing       | 1 |  1.0
Transmutations | 2 |  2.7
Earth Magic    | 2 |  2.7
Stealth        | |  1.7

Action                   |  1- 3 |  4- 6 |  7- 9 | 10-12 | 13-15 || total
-------------------------+-------+-------+-------+-------+-------++-------
Melee: Unarmed           |    14 |       |       |       |       ||    14
       Tailslap          |     3 |     9 |    22 |    17 |     1 ||    52
       Short sword       |    33 |    82 |   142 |   152 |    12 ||   421
       Long sword        |       |       |       |     9 |       ||     9
       Falchion          |       |       |       |     2 |       ||     2
Throw: Boomerang         |       |       |       |     5 |       ||     5
       Dart              |       |       |       |     8 |       ||     8
 Cast: Magic Dart        |    29 |     6 |    16 |    22 |     1 ||    74
       Searing Ray       |     6 |    15 |    50 |   117 |     3 ||   191
       Iskenderun's Myst |       |     3 |    25 |   100 |     4 ||   132
       Frozen Ramparts   |       |       |       |    14 |     1 ||    15
Evoke: Wand              |       |       |       |     9 |       ||     9
  Use: Scroll            |     4 |       |    12 |     4 |     3 ||    23
       Potion            |       |       |     1 |    20 |     3 ||    24
 Stab: Sleeping          |     1 |     3 |     2 |       |       ||     6
Armor: Skin              |     5 |    26 |    70 |   168 |    10 ||   279
Dodge: Dodged            |    35 |    45 |   112 |   159 |    14 ||   365
Block: Buckler           |       |       |    24 |    59 |     3 ||    86
